[Event "Late Titled Tuesday Blitz February 8 2022"]
[White "Kopylov, Alexander A."]
[Black "Goryachkina, Aleksandra"]
[WhiteFideId "4164857"]
[BlackFideId "4147103"]
[WhiteElo "2436"]
[BlackElo "2426"]
[Result "0-1"]
[Round "11"]
[TimeControl "180+1"]
[Date "2022.02.08"]
[WhiteClock "0:00:09"]
[BlackClock "0:00:44"]

1. e4 e6 2. d4 d5 3. Nd2 c5 4. exd5 Qxd5 5. Ngf3 cxd4 6. Bc4 Qd7 7. O-O Nc6 8. Nb3 a6 9. Nbxd4 Nxd4 10. Qxd4 Qxd4 11. Nxd4 Bd7 12. Re1 Nf6 13. Bf4 Bc5 14. Nf5 O-O 15. Nd6 Bc6 16. Rad1 Rfd8 17. Bb3 b5 18. Kf1 Rd7 19. Rxe6 fxe6 20. Bxe6+ Kf8 21. Bxd7 Bxd7 22. Nb7 Be7 23. c3 Be6 24. f3 Bxa2 25. Ra1 Bd5 26. Nd6 Bxd6 27. Bxd6+ Kf7 28. Kf2 Ke6 29. Bb4 Kd7 30. Ke3 Kc6 31. Kd4 Bb3 32. h4 Rd8+ 33. Ke5 Re8+ 34. Kd4 Kb7 35. g4 Re2 36. g5 Nd5 37. Bd6 Ne7 38. Kc5 Nf5 39. Bf4 Re6 40. h5 Rc6+ 41. Kb4 Rc4+ 42. Kxb3 Rxf4 43. Rd1 Rxf3 44. Rd7+ Kc6 45. Ra7 Kb6 46. Rd7 Rg3 47. h6 Rxg5 0-1


[Site "https://www.chess.com"]

[Event "Late Titled Tuesday Blitz February 8 2022"]
[White "Kosteniuk, Alexandra"]
[Black "Kouskoutis, Georgios-Alexandros"]
[WhiteFideId "4128125"]
[BlackFideId "4234049"]
[WhiteElo "2469"]
[BlackElo "2130"]
[Result "1-0"]
[Round "11"]
[TimeControl "180+1"]
[Date "2022.02.08"]
[WhiteClock "0:01:28"]
[BlackClock "0:00:02"]

1. e4 c5 2. Nf3 e6 3. c3 Nf6 4. e5 Nd5 5. d4 cxd4 6. cxd4 d6 7. Bc4 Nb6 8. Bd3 dxe5 9. Nxe5 Bb4+ 10. Nc3 Nc6 11. Nxc6 bxc6 12. Qg4 Kf8 13. Qe4 Nd5 14. Bd2 a5 15. O-O Ba6 16. Bxa6 Rxa6 17. a3 Nxc3 18. bxc3 Be7 19. a4 Qd5 20. Qd3 Ra8 21. c4 Qd7 22. Rfd1 Bf6 23. Bc3 h5 24. Qd2 Rh6 25. Bxa5 Qxd4 26. Qb4+ c5 27. Qb7 Rxa5 28. Rxd4 Bxd4 29. Qc8+ Ke7 30. Qc7+ Kf6 31. Qxa5 Bxa1 32. Qd8+ Kg6 33. a5 1-0


[Site "https://www.chess.com"]

[Event "Late Titled Tuesday Blitz February 8 2022"]
[White "Ladan, Nicholas"]
[Black "Pinheiro, Iung Alicio de O."]
[WhiteFideId "30918855"]
[BlackFideId "2104350"]
[WhiteElo "2328"]
[BlackElo "2597"]
[Result "1-0"]
[Round "11"]
[TimeControl "180+1"]
[Date "2022.02.09"]
[WhiteClock "0:00:16"]
[BlackClock "0:00:09"]

1. d4 Nf6 2. c4 g6 3. Nf3 Bg7 4. g3 O-O 5. Bg2 d5 6. Nbd2 c5 7. dxc5 Na6 8. O-O Nxc5 9. cxd5 Qxd5 10. Nb3 Qxd1 11. Rxd1 Nxb3 12. axb3 Be6 13. Nd4 Bd5 14. Bxd5 Nxd5 15. Nb5 e6 16. e4 Nb4 17. Rxa7 Rxa7 18. Nxa7 Ra8 19. Rd7 Na6 20. Rxb7 Nc5 21. Rc7 Nxb3 22. Be3 Bxb2 23. Rb7 Bd4 24. Rxb3 Bxe3 25. Rxe3 Rxa7 26. h4 h5 27. e5 Ra4 28. Kg2 Kg7 29. Kf3 Kh6 30. Re4 Ra3+ 31. Kf4 Ra2 32. Kf3 Ra3+ 33. Kf4 Ra5 34. Re3 Ra4+ 35. Re4 Ra2 36. f3 Ra8 37. Rd4 Kg7 38. Kg5 Ra5 39. Re4 Ra3 40. Kf4 Rd3 41. Re3 Rd4+ 42. Re4 Rd5 43. Rb4 Ra5 44. Re4 Kf8 45. g4 hxg4 46. fxg4 Ra1 47. Kg5 Kg7 48. h5 gxh5 49. gxh5 Rg1+ 50. Rg4 Rf1 51. Rf4 Re1 52. h6+ Kf8 53. Kf6 Rh1 54. Kg5 Rg1+ 55. Rg4 Rh1 56. Rh4 Rxh4 57. Kxh4 Kg8 58. Kg5 Kh7 59. Kf6 Kxh6 60. Kxf7 Kh7 61. Kxe6 Kg8 62. Kd7 Kf8 63. e6 Kg7 64. e7 Kf6 65. e8=Q Kf5 66. Qe6+ Kf4 67. Kd6 Kf3 68. Kd5 Kf4 69. Qe4+ Kg3 70. Ke5 Kf2 71. Kf4 Kg1 72. Qc2 Kf1 73. Kf3 Ke1 74. Qc1# 1-0


[Site "https://www.chess.com"]

[Event "Late Titled Tuesday Blitz February 8 2022"]
[White "Levine, David"]
[Black "Stanisz, Patryk"]
[WhiteFideId "2011611"]
[BlackFideId "1123106"]
[WhiteElo "2134"]
[BlackElo "1876"]
[Result "0-1"]
[Round "11"]
[TimeControl "180+1"]
[Date "2022.02.09"]
[WhiteClock "0:00:02"]
[BlackClock "0:00:09"]

1. d4 f5 2. c4 Nf6 3. g3 g6 4. Bg2 d6 5. Nf3 Bg7 6. O-O O-O 7. Nc3 Qe8 8. Qb3 Kh8 9. Re1 e5 10. e4 f4 11. gxf4 Nh5 12. Nd5 Na6 13. fxe5 c6 14. Nf6 Nxf6 15. exf6 Bxf6 16. e5 dxe5 17. Nxe5 Qd8 18. Be3 Qc7 19. f4 Bf5 20. Rad1 Rad8 21. Bf2 g5 22. fxg5 Bxg5 23. Bg3 Qg7 24. Kh1 Bf6 25. Qf3 Bc2 26. Rd2 Bg5 27. Rxc2 Rxf3 28. Nxf3 Bf6 29. Nd2 Nb4 30. Rcc1 Bxd4 31. Nf3 Nd3 32. Rcd1 Nxe1 33. Be5 Nxf3 34. Bxg7+ Kxg7 35. Bxf3 c5 36. b3 b6 37. Re1 Rf8 38. Kg2 Rf7 39. Re6 Kf8 40. Re4 Rg7+ 0-1


[Site "https://www.chess.com"]

[Event "Late Titled Tuesday Blitz February 8 2022"]
[White "Li, Ben"]
[Black "Iskusnyh, Sergei"]
[WhiteFideId "2089980"]
[BlackFideId "4120027"]
[WhiteElo "2267"]
[BlackElo "2492"]
[Result "1-0"]
[Round "11"]
[TimeControl "180+1"]
[Date "2022.02.08"]
[WhiteClock "0:00:05"]
[BlackClock "0:00:01"]

1. d4 d5 2. Nf3 Nf6 3. c4 c6 4. Nc3 dxc4 5. a4 a5 6. e3 Bg4 7. Bxc4 e6 8. h3 Bh5 9. g4 Bg6 10. Ne5 Nbd7 11. Nxg6 hxg6 12. Bf1 Bb4 13. Bg2 Qc7 14. O-O Rd8 15. Qe2 O-O 16. f4 c5 17. Nb5 Qb6 18. Kh1 cxd4 19. exd4 Nd5 20. f5 N7f6 21. fxg6 fxg6 22. Bg5 Rde8 23. Rac1 Rc8 24. Qd3 Kh7 25. Rxc8 Rxc8 26. h4 Rf8 27. h5 Ne7 28. hxg6+ Kg8 29. Bxf6 Rxf6 30. Rxf6 gxf6 31. Be4 Kg7 32. Qh3 Nxg6 33. Qh5 Nf8 34. g5 f5 35. Bf3 Qd8 36. Qh6+ Kg8 37. Bxb7 Bd2 38. Bf3 Bxg5 39. Qh3 Bf6 40. Qg3+ Bg7 41. Nc7 Qd7 42. Nb5 Qc8 43. Kg2 Qc2+ 44. Qf2 Qxf2+ 45. Kxf2 Kf7 46. Ke3 Ke7 47. Nc3 Nd7 48. Ne2 Bh6+ 49. Kd3 Kd6 50. b3 Nb6 51. Nc3 Bg5 52. Nb5+ Ke7 53. Na7 Kd7 54. Nc6 Nc8 55. Nxa5 Ne7 56. Nc4 Nc6 57. Bxc6+ Kxc6 58. b4 1-0


[Site "https://www.chess.com"]

[Event "Late Titled Tuesday Blitz February 8 2022"]
[White "Lin, Dachey"]
[Black "Janaszak, Dawid"]
[WhiteFideId "2029650"]
[BlackFideId "1119206"]
[WhiteElo "2730"]
[BlackElo "2199"]
[Result "0-1"]
[Round "11"]
[TimeControl "180+1"]
[Date "2022.02.08"]
[WhiteClock "0:01:45"]
[BlackClock "0:02:05"]

1. g4 g5 2. h4 gxh4 3. d4 d5 4. g5 Bf5 5. Nf3 Nc6 6. c4 e6 7. Nc3 Nb4 8. e4 Bxe4 9. Nxe4 dxe4 10. Ne5 Qxd4 11. Qxd4 Nc2+ 12. Kd2 Nxd4 13. Rxh4 Bg7 14. f4 Bxe5 0-1


[Site "https://www.chess.com"]

[Event "Late Titled Tuesday Blitz February 8 2022"]
[White "Lopez Del Alamo, Antonio"]
[Black "Laith, Kasib"]
[WhiteFideId "2227339"]
[BlackFideId "4801059"]
[WhiteElo "2082"]
[BlackElo "1982"]
[Result "0-1"]
[Round "11"]
[TimeControl "180+1"]
[Date "2022.02.09"]
[WhiteClock "0:01:43"]
[BlackClock "0:01:51"]

1. e4 d6 2. d4 Nf6 3. Nc3 g6 4. f4 Bg7 5. Nf3 O-O 6. a3 Na6 7. Bd3 c5 8. d5 Nc7 9. O-O Bg4 10. a4 b6 11. h3 Bxf3 12. Qxf3 e6 13. dxe6 fxe6 14. Bc4 Kh8 15. Rd1 Qe7 16. Be3 Rad8 17. g4 d5 18. e5 Nd7 19. Nb5 Nxe5 20. fxe5 Rxf3 0-1


[Site "https://www.chess.com"]

[Event "Late Titled Tuesday Blitz February 8 2022"]
[White "Maksimovic, Bojan"]
[Black "Kosakowski, Jakub"]
[WhiteFideId "14408120"]
[BlackFideId "1185080"]
[WhiteElo "2450"]
[BlackElo "2476"]
[Result "0-1"]
[Round "11"]
[TimeControl "180+1"]
[Date "2022.02.08"]
[WhiteClock "0:00:22"]
[BlackClock "0:00:14"]

1. Nf3 e6 2. b3 b6 3. Bb2 Bb7 4. g3 Nf6 5. Bg2 c5 6. O-O Be7 7. c4 O-O 8. d4 cxd4 9. Nxd4 Bxg2 10. Kxg2 d5 11. Nd2 Qc8 12. cxd5 Nxd5 13. Rc1 Qb7 14. Kg1 Nd7 15. Nc4 Rac8 16. e3 Rfd8 17. Qe2 N7f6 18. Ne5 Bc5 19. a3 Ne7 20. b4 Bd6 21. Ndf3 h6 22. Rfd1 Rxc1 23. Rxc1 Rc8 24. Rd1 Bb8 25. h3 Qe4 26. Qd3 Ned5 27. Qxe4 Nxe4 28. Nd3 Rc2 29. Rc1 Rxc1+ 30. Bxc1 Ndc3 31. Kf1 Kf8 32. Bb2 Na4 33. Bc1 b5 34. Nd4 a6 35. Nb3 Bd6 36. g4 Ke7 37. f3 Nec3 38. Ke1 Nd5 39. Ke2 Ndb6 40. Na5 e5 41. Nc6+ Ke6 42. Na5 g6 43. e4 h5 44. gxh5 gxh5 45. Be3 Nc4 46. Nxc4 bxc4 47. Ne1 f5 48. Nc2 fxe4 49. fxe4 Nc3+ 50. Kf3 Be7 51. Bd2 Nb5 52. Be3 Bf6 53. a4 Nd4+ 54. Bxd4 exd4 55. Kf4 d3 56. Ne3 c3 57. e5 Bxe5+ 58. Ke4 c2 59. Kxd3 c1=Q 60. Nc2 Qd1+ 61. Ke4 Qxc2+ 62. Kf3 Qxa4 63. Ke4 Qxb4+ 64. Ke3 a5 65. Kd3 h4 66. Ke3 a4 67. Kd3 a3 68. Ke3 a2 69. Kd3 a1=R 70. Kc2 Ra8 71. Kd3 Qe1 72. Kc4 Qg3 73. Kb5 Qxh3 74. Kc6 Qf3+ 75. Kb5 Qb7+ 76. Kc4 h3 77. Kd3 h2 78. Ke2 h1=R 79. Kf2 Rhh8 80. Ke3 Bg7 81. Kd3 Bf8 82. Ke3 Kf7 83. Kd3 Ke8 84. Ke3 Qd7 85. Ke2 Qd8 86. Kf2 Qd3 87. Kg2 Ra2+ 88. Kg1 Bc5# 0-1


[Site "https://www.chess.com"]

[Event "Late Titled Tuesday Blitz February 8 2022"]
[White "Medeiros Jr, Francisco De Assis"]
[Black "Noboa Silva, Kevin"]
[WhiteFideId "2114267"]
[BlackFideId "3618471"]
[WhiteElo "1998"]
[BlackElo "2161"]
[Result "0-1"]
[Round "11"]
[TimeControl "180+1"]
[Date "2022.02.09"]
[WhiteClock "0:00:04"]
[BlackClock "0:00:14"]

1. d4 Nf6 2. Nf3 e6 3. Bg5 h6 4. Bh4 c5 5. c3 b6 6. Nbd2 cxd4 7. cxd4 Bb7 8. e3 Be7 9. Bd3 d6 10. O-O O-O 11. Rc1 a6 12. Qe2 Nbd7 13. Rc2 Rc8 14. Rfc1 Rxc2 15. Rxc2 Qa8 16. Qd1 Rc8 17. Qc1 Rxc2 18. Qxc2 Qc8 19. Qxc8+ Bxc8 20. Ne4 Bb7 21. Nxf6+ Nxf6 22. Kf1 Kf8 23. Ke2 Ke8 24. Bg3 Kd7 25. Ne1 b5 26. f3 Bd5 27. a3 Bb3 28. e4 Bd8 29. Bf2 Bb6 30. Be3 Ne8 31. Bc2 Bc4+ 32. Bd3 Ba2 33. Nc2 Nc7 34. Nb4 Bb3 35. Bc2 Bxc2 36. Nxc2 a5 37. b3 Kc6 38. Kd3 f5 39. a4 h5 40. Na3 fxe4+ 41. fxe4 d5 42. e5 bxa4 43. bxa4 g6 44. h3 Na6 45. Nc2 Kd7 46. Bg5 Nb8 47. g4 hxg4 48. hxg4 Nc6 49. Be3 Ke8 50. Bg5 Kf7 51. Kc3 Bc7 52. Kd3 Bb6 53. Kc3 Ke8 54. Kd3 Kd7 55. Kc3 Bd8 56. Be3 Be7 57. Kd3 Ke8 58. Kc3 Kf7 59. Kd3 Kg7 60. Bd2 g5 61. Be3 Kg6 62. Ke2 Bd8 63. Kd3 Ne7 64. Ke2 Ng8 65. Kf3 Bc7 66. Na3 Bb6 67. Nb5 Ne7 68. Nd6 Nc6 69. Nc8 Bxd4 70. Ne7+ Nxe7 71. Bxd4 Nc6 72. Bc5 Nxe5+ 73. Ke3 Nxg4+ 74. Kd4 Kf5 0-1


[Site "https://www.chess.com"]

[Event "Late Titled Tuesday Blitz February 8 2022"]
[White "Mekhitarian, Krikor Sevag"]
[Black "Riehle, Marco"]
[WhiteFideId "2107660"]
[BlackFideId "12904392"]
[WhiteElo "2598"]
[BlackElo "2462"]
[Result "0-1"]
[Round "11"]
[TimeControl "180+1"]
[Date "2022.02.08"]
[WhiteClock "0:00:02"]
[BlackClock "0:01:11"]

1. e4 e5 2. f4 exf4 3. Nf3 Ne7 4. Nc3 d5 5. d4 dxe4 6. Nxe4 Nd5 7. Bc4 Be6 8. Bb3 Be7 9. O-O O-O 10. Re1 Re8 11. c3 Nc6 12. c4 Ne3 13. Bxe3 fxe3 14. d5 Bf5 15. Ng3 Bc5 16. Kh1 Ne7 17. Nd4 Bg6 18. Rxe3 Nc8 19. Rxe8+ Qxe8 20. Qd2 Nd6 21. Re1 Qd7 22. Nf3 f6 23. Nd4 Qg4 24. Ne6 b6 25. Nxc5 bxc5 26. Qf2 Qd4 27. Qxd4 cxd4 28. c5 Nf5 29. d6+ Kf8 30. d7 c6 31. Be6 Nxg3+ 32. hxg3 Rd8 33. g4 Bf7 34. Kg1 d3 35. Bxf7 Kxf7 36. Kf2 Rxd7 37. Rd1 Rd4 38. Ke3 Rxg4 39. Rxd3 Rg3+ 40. Ke4 Rxd3 41. Kxd3 Ke6 42. b4 Kd5 43. a4 f5 44. Ke3 g5 45. Kf3 Kc4 46. b5 Kxc5 47. bxc6 Kxc6 48. g4 fxg4+ 0-1


[Site "https://www.chess.com"]

[Event "Late Titled Tuesday Blitz February 8 2022"]
[White "Michelakos, Panagiotis"]
[Black "Timofeev, Artyom"]
[WhiteFideId "4216067"]
[BlackFideId "4140419"]
[WhiteElo "2140"]
[BlackElo "2583"]
[Result "0-1"]
[Round "11"]
[TimeControl "180+1"]
[Date "2022.02.08"]
[WhiteClock "0:01:01"]
[BlackClock "0:01:40"]

1. d4 d5 2. Bf4 Bf5 3. e3 e6 4. Nd2 Nf6 5. Ngf3 Bd6 6. Ne5 O-O 7. Bd3 Nbd7 8. Ndf3 Ne4 9. O-O h6 10. c4 dxc4 11. Bxc4 Qe7 12. Nxd7 Qxd7 13. Ne5 Qe7 14. f3 Nf6 15. e4 Bh7 16. Qb3 c5 17. dxc5 Bxe5 0-1


[Site "https://www.chess.com"]

[Event "Late Titled Tuesday Blitz February 8 2022"]
[White "Migot, Tangi"]
[Black "Przybylski, Wojciech"]
[WhiteFideId "662445"]
[BlackFideId "1117599"]
[WhiteElo "2538"]
[BlackElo "2133"]
[Result "0-1"]
[Round "11"]
[TimeControl "180+1"]
[Date "2022.02.09"]
[WhiteClock "0:00:02"]
[BlackClock "0:00:12"]

1. Nf3 Nf6 2. c3 Rg8 3. d4 b6 4. a4 Bb7 5. a5 c5 6. axb6 axb6 7. Rxa8 Bxa8 8. Ne5 g5 9. Nd2 g4 10. Qa4 Nc6 11. Qa2 Nxe5 12. dxe5 Ne4 13. Nc4 Rg6 14. h3 g3 15. f4 Bd5 16. Qa4 Bc6 17. Qb3 b5 18. Ne3 c4 19. Qa2 e6 20. Nc2 Bc5 21. e3 Qb6 22. Be2 Nf2 23. Rg1 Be4 24. Nd4 Ke7 25. h4 Rg8 26. b4 cxb3 27. Qxb3 b4 28. cxb4 Bxb4+ 29. Bd2 Bxd2+ 30. Kxd2 Qa5+ 31. Kc1 Rc8+ 32. Kb2 Qd2+ 33. Ka1 Ra8+ 0-1


[Site "https://www.chess.com"]

[Event "Late Titled Tuesday Blitz February 8 2022"]
[White "Mogranzini, Roberto"]
[Black "Nikologorsky, Matfei"]
[WhiteFideId "810894"]
[BlackFideId "24102474"]
[WhiteElo "2469"]
[BlackElo "2231"]
[Result "0-1"]
[Round "11"]
[TimeControl "180+1"]
[Date "2022.02.09"]
[WhiteClock "0:00:09"]
[BlackClock "0:00:42"]

1. e4 c5 2. Nf3 e6 3. g3 Nf6 4. Qe2 d6 5. Bg2 Be7 6. O-O O-O 7. Rd1 e5 8. c3 Bg4 9. h3 Bxf3 10. Qxf3 Nc6 11. d3 b5 12. Nd2 b4 13. Nc4 a5 14. Qe2 a4 15. a3 bxc3 16. bxc3 Nd7 17. Ne3 Re8 18. Nd5 Bf8 19. h4 Nb6 20. Qa2 Nxd5 21. Qxd5 Na5 22. f4 Rb8 23. Rf1 Qc7 24. Be3 c4 25. d4 exd4 26. Bxd4 Nb3 27. Rad1 Nxd4 28. Rxd4 Rb3 29. Rxc4 Qb6+ 30. Kh2 Rxa3 31. Rc6 Qb7 32. Qc4 Qb3 33. Qa6 Ra2 34. Rg1 Qc2 35. Rc7 Qxe4 36. Qa7 Qf5 37. Qd4 h6 38. Kh1 Ree2 0-1


[Site "https://www.chess.com"]

[Event "Late Titled Tuesday Blitz February 8 2022"]
[White "Moroni, Luca Jr"]
[Black "Dourerassou, Jonathan"]
[WhiteFideId "865834"]
[BlackFideId "628050"]
[WhiteElo "2573"]
[BlackElo "2513"]
[Result "1-0"]
[Round "11"]
[TimeControl "180+1"]
[Date "2022.02.08"]
[WhiteClock "0:00:04"]
[BlackClock "0:00:07"]

1. d4 Nf6 2. c4 g6 3. Nc3 d5 4. cxd5 Nxd5 5. e4 Nxc3 6. bxc3 Bg7 7. Bb5+ c6 8. Ba4 O-O 9. Ne2 e5 10. O-O exd4 11. cxd4 Re8 12. f3 Be6 13. Be3 Nd7 14. Qd2 Nb6 15. Bb3 Nc4 16. Bxc4 Bxc4 17. Rfd1 Qe7 18. Rac1 b5 19. Nf4 Rad8 20. Qf2 Qa3 21. Rc2 f5 22. e5 Bxe5 23. Bc1 Qa4 24. h4 Bf6 25. Bb2 Bxh4 26. Qd2 Bg5 27. Rdc1 Re2 28. Qc3 Rxc2 29. Rxc2 Bf6 30. Qd2 Qxa2 31. d5 Qb1+ 32. Kh2 Bxb2 33. Rxb2 Qa1 34. Qd4 Qe1 35. Qf6 Rf8 36. Qg5 Qe5 37. Rd2 cxd5 38. Kh3 Qf6 39. Qg3 d4 40. Rd1 Kh8 41. Re1 d3 42. Qf2 g5 43. Nh5 g4+ 44. Kh2 Qd6+ 45. f4 d2 46. Rd1 Rd8 47. Qe3 Qe6 48. Qc3+ Rd4 49. Qxd4+ Qe5 50. Qxe5+ Kg8 51. Qg7# 1-0


[Site "https://www.chess.com"]

[Event "Late Titled Tuesday Blitz February 8 2022"]
[White "Morris-Suzuki, Sophie"]
[Black "Vusatiuk, Vladimir"]
[WhiteFideId "30922615"]
[BlackFideId "14118610"]
[WhiteElo "2445"]
[BlackElo "2157"]
[Result "1-0"]
[Round "11"]
[TimeControl "180+1"]
[Date "2022.02.09"]
[WhiteClock "0:00:48"]
[BlackClock "0:00:02"]

1. d4 Nf6 2. c4 d5 3. cxd5 c6 4. dxc6 Nxc6 5. Nf3 e5 6. e3 Bg4 7. Bb5 Qa5+ 8. Nc3 Bb4 9. Bd2 e4 10. h3 Bxc3 11. Bxc6+ bxc6 12. Bxc3 Qh5 13. Qa4 O-O 14. Ne5 c5 15. Nxg4 Nxg4 16. O-O Nh6 17. dxc5 Rfe8 18. Qc4 Re6 19. Rad1 Nf5 20. Rd5 Rae8 21. Rfd1 Rg6 22. Qxe4 Rge6 23. Qxf5 Qxd1+ 24. Rxd1 1-0


[Site "https://www.chess.com"]

[Event "Late Titled Tuesday Blitz February 8 2022"]
[White "Nogerbek, Kazybek"]
[Black "Howell, David W L"]
[WhiteFideId "13710427"]
[BlackFideId "410608"]
[WhiteElo "2478"]
[BlackElo "2559"]
[Result "1/2-1/2"]
[Round "11"]
[TimeControl "180+1"]
[Date "2022.02.08"]
[WhiteClock "0:00:03"]
[BlackClock "0:00:09"]

1. e4 e6 2. Nf3 d5 3. Nc3 dxe4 4. Nxe4 Bd7 5. Bc4 Bc6 6. Neg5 Nd7 7. Qe2 Qe7 8. d4 h6 9. Ne4 Bxe4 10. Qxe4 Qb4+ 11. Nd2 Ngf6 12. Qf3 Be7 13. c3 Qb6 14. Bd3 c5 15. Nc4 Qd8 16. Be3 O-O 17. O-O b5 18. Ne5 Nxe5 19. dxe5 Qxd3 20. exf6 Bxf6 21. Bxc5 Qxf3 22. gxf3 Rfc8 23. Be3 a5 24. a3 Rab8 25. Bd2 Rb7 26. Rfd1 Kf8 27. Be1 Ke7 28. Rd3 Rd8 29. Rxd8 Kxd8 30. Kf1 a4 31. Ke2 Rd7 32. Rb1 Kc7 33. b3 axb3 34. Rxb3 Kc6 35. Rb4 Be7 36. Rg4 g6 37. a4 h5 38. axb5+ Kxb5 39. Re4 Bc5 40. c4+ Kc6 41. Bc3 Ra7 42. Bd4 Ra2+ 43. Kf1 Rc2 44. Bxc5 Kxc5 45. Re5+ Kd6 46. Re4 Kc5 47. Re5+ Kd4 48. Ra5 Rxc4 49. Ra7 f5 50. Rg7 Ke5 51. Rxg6 Kf4 52. Rxe6 Kxf3 53. Re3+ Kf4 54. Kg2 h4 55. h3 Kg5 56. Re8 Rf4 57. Rg8+ Kf6 58. Ra8 Rb4 59. Ra3 Kg5 60. Kf3 Rf4+ 61. Kg2 Rc4 62. Ra8 Rb4 63. Rg8+ Kf4 64. Rh8 Kg5 65. Rh7 Kg6 66. Rh8 Kg7 67. Rc8 Kg6 68. Rc5 Kg5 69. Kf3 Ra4 70. Rd5 Rf4+ 71. Ke3 Re4+ 72. Kf3 Ra4 73. Kg2 Ra3 74. Rd8 1/2-1/2


[Site "https://www.chess.com"]

[Event "Late Titled Tuesday Blitz February 8 2022"]
[White "Novikov, Evgenij"]
[Black "Krstulovic, Alex"]
[WhiteFideId "4125380"]
[BlackFideId "760056"]
[WhiteElo "2242"]
[BlackElo "2193"]
[Result "1-0"]
[Round "11"]
[TimeControl "180+1"]
[Date "2022.02.09"]
[WhiteClock "0:00:06"]
[BlackClock "0:00:04"]

1. Nf3 h5 2. d4 h4 3. h3 Nf6 4. c4 e6 5. Nc3 b6 6. e4 Bb7 7. e5 Ng8 8. d5 Nh6 9. d6 cxd6 10. exd6 Nf5 11. Nb5 Na6 12. Bg5 Qb8 13. Bf4 Qd8 14. Bd3 Qf6 15. Qe2 Rc8 16. Be5 Bxf3 17. gxf3 Qg5 18. f4 Qg2 19. O-O-O Qc6 20. Bxf5 Qxb5 21. Kb1 Qa5 22. a3 Kd8 23. Bc2 Nc5 24. Bc3 Qa6 25. Rhg1 Na4 26. Bxg7 Bxg7 27. Rxg7 Rxc4 28. Qe5 Re8 29. Rxf7 Qb5 30. Qxb5 1-0


[Site "https://www.chess.com"]

[Event "Late Titled Tuesday Blitz February 8 2022"]
[White "Novikova, Galina"]
[Black "Sarkar, Justin"]
[WhiteFideId "4157095"]
[BlackFideId "2010011"]
[WhiteElo "1863"]
[BlackElo "2038"]
[Result "1-0"]
[Round "11"]
[TimeControl "180+1"]
[Date "2022.02.09"]
[WhiteClock "0:01:35"]
[BlackClock "0:00:13"]

1. e4 c5 2. Nf3 d6 3. d4 cxd4 4. Nxd4 Nf6 5. Nc3 a6 6. h3 e5 7. Nde2 h5 8. g3 Be6 9. Bg2 Nbd7 10. Be3 b5 11. a3 Be7 12. O-O Rc8 13. f4 h4 14. f5 Bc4 15. g4 Nh7 16. b3 Bxe2 17. Nxe2 Qc7 18. Rc1 Bg5 19. Qd2 Bxe3+ 20. Qxe3 Qc5 21. Qxc5 Rxc5 22. Rfd1 Ke7 23. Kf2 Ng5 24. Rd2 Rhc8 25. Rcd1 Nf6 26. Ke3 Rxc2 27. Rxd6 R8c6 28. Rd8 Rb2 29. Ra8 Rxb3+ 30. Kf2 Nfxe4+ 31. Kg1 Nxh3+ 32. Kh2 Nhf2 33. Rdd8 Nxg4+ 34. Kg1 Rb1+ 35. Bf1 Ne3 36. Re8+ Kf6 37. Rh8 1-0


[Site "https://www.chess.com"]

[Event "Late Titled Tuesday Blitz February 8 2022"]
[White "Oro, Luis"]
[Black "Estrada Nieto, Julian"]
[WhiteFideId "104094"]
[BlackFideId "5101018"]
[WhiteElo "2293"]
[BlackElo "2246"]
[Result "0-1"]
[Round "11"]
[TimeControl "180+1"]
[Date "2022.02.09"]
[WhiteClock "0:00:10"]
[BlackClock "0:00:24"]

1. e4 e5 2. Nf3 Nc6 3. Bc4 Bc5 4. c3 d6 5. d3 Nf6 6. O-O a6 7. a4 Ba7 8. Nbd2 h6 9. Re1 O-O 10. Nf1 Re8 11. Ng3 Be6 12. Bxe6 Rxe6 13. Nf5 d5 14. Qc2 Qd7 15. b4 dxe4 16. dxe4 Rd8 17. Be3 Bxe3 18. Nxe3 Qd3 19. Qb3 Nd4 20. Qa3 Nxf3+ 21. gxf3 Qd7 22. Rad1 Rd6 23. Rxd6 Qxd6 24. Rd1 Qe7 25. Qb3 g6 26. Nc4 Rxd1+ 27. Qxd1 Nh5 28. Ne3 Nf4 29. c4 Qxb4 30. Qd8+ Kg7 31. Qxc7 Qe1+ 32. Nf1 Nh3+ 33. Kg2 Qxf2+ 34. Kxh3 Qxf1+ 35. Kg3 Qg1+ 36. Kh3 Qf1+ 37. Kg3 Qe1+ 38. Kh3 Qc3 39. Kg3 h5 40. c5 Qd4 41. Qxb7 Qg1+ 42. Kh3 Qf1+ 43. Kg3 Qg1+ 44. Kh3 Qxc5 45. Qxa6 Qe3 46. Kg2 Qd2+ 47. Kh3 Qf2 48. Qd3 Qe1 49. Kg2 Kh6 50. Qd5 Qe2+ 51. Kg3 Qe1+ 52. Kg2 Qc3 0-1


[Site "https://www.chess.com"]

[Event "Late Titled Tuesday Blitz February 8 2022"]
[White "Ortiz Verdezoto, Anahi"]
[Black "Balint, Vilmos"]
[WhiteFideId "3614581"]
[BlackFideId "718050"]
[WhiteElo "1785"]
[BlackElo "2059"]
[Result "0-1"]
[Round "11"]
[TimeControl "180+1"]
[Date "2022.02.09"]
[WhiteClock "0:00:26"]
[BlackClock "0:00:44"]

1. d4 Nf6 2. c4 e6 3. Nc3 Bb4 4. e3 d5 5. Bd3 O-O 6. cxd5 Nxd5 7. Ne2 c5 8. O-O cxd4 9. exd4 Nc6 10. Bd2 Nce7 11. Rc1 Bd7 12. Qc2 h6 13. Ng3 Rc8 14. Qb1 Bc6 15. Rfd1 a6 16. a3 Bd6 17. Nce4 Bb8 18. b4 Ba4 19. Rxc8 Nxc8 20. Rc1 Nd6 21. Nc5 Bb5 22. Bh7+ Kh8 23. a4 Bc6 24. Bd3 Qf6 25. b5 axb5 26. axb5 Be8 27. Ne2 b6 28. Na6 Bd7 29. Nxb8 Rxb8 30. Qa2 Rc8 31. Rxc8+ Nxc8 32. Qa6 Qe7 33. Qb7 Qd6 34. Ng3 Qc7 35. Qa6 Qa7 36. Ne4 Nc7 37. Qxa7 Nxa7 38. Nd6 Naxb5 39. Nxf7+ Kg8 40. Ne5 Be8 41. Be3 Nd5 42. Nc4 Nbc3 43. Bd2 b5 44. Nd6 Bd7 45. Kf1 b4 46. Ke1 b3 47. Nc4 Bb5 48. Nb2 Bxd3 49. Nxd3 Nb4 50. Bxc3 Nxd3+ 51. Kd2 b2 0-1


[Site "https://www.chess.com"]

[Event "Late Titled Tuesday Blitz February 8 2022"]
[White "P., Komal Kishore"]
[Black "Golubovskis, Maksims"]
[WhiteFideId "5016703"]
[BlackFideId "11608528"]
[WhiteElo "2037"]
[BlackElo "2066"]
[Result "1-0"]
[Round "11"]
[TimeControl "180+1"]
[Date "2022.02.09"]
[WhiteClock "0:00:25"]
[BlackClock "0:00:01"]

1. e4 c5 2. Nf3 d6 3. Bb5+ Nd7 4. O-O a6 5. Be2 Ngf6 6. d3 e6 7. c3 b5 8. a4 Bb7 9. Qc2 Be7 10. Nbd2 O-O 11. Re1 Qc7 12. Nf1 d5 13. Ng3 dxe4 14. dxe4 Ne5 15. axb5 axb5 16. Rxa8 Rxa8 17. Bxb5 Bd6 18. Be2 Neg4 19. Bg5 Bxg3 20. hxg3 Nxe4 21. Bf4 Qb6 22. Bd3 Nexf2 23. Bxh7+ Kh8 24. c4 Ba6 25. b3 Rd8 26. Ne5 Qa5 27. Rc1 Rf8 28. Nxg4 Nxg4 29. Be4 Nf6 30. Bf3 Rd8 31. Rd1 Rxd1+ 32. Qxd1 1-0


[Site "https://www.chess.com"]

[Event "Late Titled Tuesday Blitz February 8 2022"]
[White "Pakleza, Zbigniew"]
[Black "Kamsky, Gata"]
[WhiteFideId "1119290"]
[BlackFideId "2000024"]
[WhiteElo "2467"]
[BlackElo "2645"]
[Result "1/2-1/2"]
[Round "11"]
[TimeControl "180+1"]
[Date "2022.02.08"]
[WhiteClock "0:01:55"]
[BlackClock "0:01:35"]

1. d4 Nf6 2. Nf3 d5 3. Bf4 c5 4. c3 e6 5. e3 Nc6 6. Nbd2 cxd4 7. cxd4 Bd6 8. Bg3 Bxg3 9. hxg3 Qd6 10. Bd3 h6 11. O-O O-O 12. Qb3 Bd7 13. Rfc1 Rfc8 14. a3 Rc7 15. Rc3 Rac8 16. Rac1 Ne7 17. Ne5 Rxc3 18. Rxc3 Rxc3 19. Qxc3 b6 1/2-1/2


[Site "https://www.chess.com"]